 Dungeon Crawl Stone Soup version 0.25-a0-290-g4a1327ee3a (webtiles) character file.

Game seed: 2684916896749656809, levelgen mode: deterministic

2203 Lanoc the Slasher (level 9, 0/68 HPs)
             Began as a Vampire Fighter on Dec 13, 2019.
             Was a Believer of Nemelex Xobeh.
             Killed by a card of wild magic (15 damage)
             ... on level 7 of the Dungeon.
             The game lasted 00:15:12 (5335 turns).

Lanoc the Slasher (Vampire Fighter)                 Turns: 5335, Time: 00:15:17

Health: 0/68       AC:  9    Str: 16    XL:     9   Next: 12%
Magic:  0/11       EV: 10    Int: 14    God:    Nemelex Xobeh [**....]
Gold:   504        SH:  9    Dex: 15    Spells: 8/8 levels left

rFire    . . .     SeeInvis +   I - +3 falchion (freeze)
rCold    . . .     Gourm    .   c - +0 shield
rNeg     . . .     Faith    .   b - +0 scale mail
rPois    .         Spirit   +   (no helmet)
rElec    .         Reflect  .   (no cloak)
rCorr    .         Harm     .   (no gloves)
MR       +....                  (no boots)
Stlth    ..........             f - amulet of guardian spirit
HPRegen  0.41/turn              y - ring of protection from magic
MPRegen  0.12/turn              F - +3 ring of intelligence

@: regenerating quickly, lightly drained
A: no food, fangs 3, slimy green scales 1, see invisible, unbreathing
a: Exsanguinate, Draw Escape, Draw Destruction, Draw Summoning, Renounce
Religion


You were on level 7 of the Dungeon.
You worshipped Nemelex Xobeh.
Nemelex Xobeh was pleased with you.
You were alive.

You visited 1 branch of the dungeon, and saw 7 of its levels.
You also visited: Sewer.

You collected 504 gold pieces.

Inventory:

Hand Weapons
 a - a +0 long sword
 I - a +3 falchion of freezing (weapon)
Missiles
 e - 53 bolts
 h - 22 poisoned darts (quivered)
 i - 99 arrows
 k - 106 stones
 l - 14 curare-tipped darts
Armour
 b - a +0 scale mail (worn)
 c - a +0 shield (worn)
Jewellery
 f - an amulet of guardian spirit (around neck)
 y - a ring of protection from magic (left hand)
 F - a +3 ring of intelligence (right hand)
Wands
 d - a wand of acid (11)
 t - a wand of enslavement (6)
 z - a wand of polymorph (12)
 D - a wand of digging (5)
Scrolls
 g - 2 scrolls of remove curse
 m - a scroll of blinking
 n - 4 scrolls of identify
 o - 2 scrolls of fear
 p - 3 scrolls of teleportation
 q - a scroll of fog
 r - a scroll of noise
 v - a scroll of silence {unknown}
 x - a scroll of random uselessness
 E - 2 scrolls of magic mapping
Potions
 j - 2 potions of lignification
 s - a potion of magic {unknown}
 u - a potion of brilliance
 w - a potion of agility {unknown}
 G - 2 potions of degeneration


   Skills:
 + Level 5.0(4.8) Fighting
 * Level 6.9(6.7) Long Blades
 + Level 4.4(4.3) Armour
 + Level 4.8(4.7) Dodging
 + Level 5.0(4.8) Shields
 + Level 3.6(3.4) Invocations


You had 8 spell levels left.
You didn't know any spells.
Your spell library was empty.

Dungeon Overview and Level Annotations

Branches:
Dungeon (7/15)              Sewer (visited)
 Temple: D:4-7

Altars:
Elyvilon
Fedhas
Hepliaklqana
Nemelex Xobeh
Wu Jian
Zin


Innate Abilities, Weirdness & Mutations

You do not eat.
Your natural rate of healing is unusually fast.
You have razor-sharp teeth.
You have supernaturally acute eyesight. (SInv)
You can survive without breathing.
You are partially covered in slimy green scales. (AC +2)


Message History

You hit the wight.
The wight is moderately damaged.
You block the wight's attack.
You barely miss the wight.
The wight is moderately damaged.
The wight hits you with a cursed +0 spear.
* * * LOW HITPOINT WARNING * * *
You draw a card...
You have drawn Wild Magic.
A ball of electricity appears!
There is a sudden and violent explosion of flames!
The fireball engulfs the wight!!
You destroy the wight!
The fireball engulfs the wight!!!
You destroy the wight!
Your base Fighting skill increases to level 5!
Your base Shields skill increases to level 5!
The fireball engulfs your ball lightning.
Your ball lightning completely resists.
The fireball engulfs you!!
You die...
Your body disappears without a glow.

###################..
....##..............#
..............#######
....#########......#
##### #......#####...
#........##.#
..........#@#
..........#)#
..........#)#
..........#*#
.........ยง..#
.........#.##
........z.#
...........#
...>.......#


You could see a friendly ball lightning.

Vanquished Creatures
  Sigmund (D:4)
  A sky beast (D:4)
  Purgy (Sewer)
  An ice beast (D:6)
  A centaur (D:6)
  Blork the orc (D:4)
  3 scorpions
  A wyvern skeleton (D:6)
  3 killer bees (D:7)
  3 wights (D:7)
  2 howler monkeys
  3 crimson imps
  3 hounds
  3 orc priests
  8 orc wizards
  An iguana (D:6)
  Ijyb (D:4)
  4 worker ants
  A killer bee zombie (D:5)
  8 gnolls
  17 adders
  2 river rats (D:5)
  2 oozes
  2 adder skeletons
  3 worms
  2 dart slugs
  2 leopard geckos
  10 orcs
  8 giant cockroaches
  2 goblins
  5 hobgoblins
  3 jackals (D:6)
  6 kobolds
  2 quokkas
  5 ball pythons
  9 bats
  9 frilled lizards
  A jackal skeleton (D:2)
  11 rats
151 creatures vanquished.

Vanquished Creatures (collateral kills)
  A gnoll shaman (D:6)
  4 gnolls (D:6)
5 creatures vanquished.

Vanquished Creatures (others)
  A wight (D:7)
  An orc (D:5)
2 creatures vanquished.

Grand Total: 158 creatures vanquished

Notes
Turn   | Place    | Note
-------+----------+-------------------------------------------
     0 | D:1      | Lanoc the Vampire Fighter began the quest for the Orb.
     0 | D:1      | Reached XP level 1. HP: 17/17 MP: 1/1
   179 | D:1      | Reached XP level 2. HP: 23/23 MP: 2/2
   424 | D:1      | Reached XP level 3. HP: 28/28 MP: 3/3
   713 | D:2      | Reached skill level 1 in Dodging
   798 | D:2      | Reached skill level 3 in Long Blades
   798 | D:2      | Reached XP level 4. HP: 28/35 MP: 1/4
   965 | D:2      | Found a sparkling altar of Nemelex Xobeh.
   970 | D:2      | Became a worshipper of Nemelex Xobeh the Trickster
   998 | D:2      | Found an ornate altar of the Wu Jian Council.
  1250 | D:2      | Found a blossoming altar of Fedhas.
  1381 | D:2      | Found a hazy altar of Hepliaklqana.
  1577 | D:3      | Reached XP level 5. HP: 34/41 MP: 5/5
  1652 | D:3      | Received a gift from Nemelex Xobeh
  2004 | D:4      | Reached * piety under Nemelex Xobeh
  2004 | D:4      | Noticed Ijyb
  2184 | D:4      | Killed Ijyb
  2184 | D:4      | Reached skill level 1 in Invocations
  2303 | D:4      | Reached skill level 4 in Long Blades
  2303 | D:4      | Reached XP level 6. HP: 33/47 MP: 3/6
  2538 | D:4      | Noticed Sigmund
  2547 | D:4      | Killed Sigmund
  2614 | D:4      | Noticed Blork the orc
  2722 | D:4      | Killed Blork the orc
  2722 | D:4      | Reached XP level 7. HP: 48/53 MP: 5/8
  3061 | D:4      | Reached skill level 5 in Long Blades
  3190 | D:4      | Received a gift from Nemelex Xobeh
  3364 | D:5      | Entered Level 5 of the Dungeon
  3507 | D:5      | Gained mutation: You are partially covered in iridescent
                  | scales. (AC +2) [potion of mutation]
  3507 | D:5      | Lost mutation: You are partially covered in iridescent
                  | scales. (AC +2) [potion of mutation]
  3507 | D:5      | Gained mutation: You are partially covered in slimy green
                  | scales. (AC +2) [potion of mutation]
  3517 | D:5      | HP: 2/48 [orc priest/divine providence (6)]
  3574 | D:5      | Reached XP level 8. HP: 4/54 MP: 1/9
  3717 | D:5      | Found a glowing drain.
  3722 | Sewer    | Entered a sewer
  3741 | Sewer    | Noticed Purgy
  3758 | Sewer    | Killed Purgy
  4093 | D:5      | Reached ** piety under Nemelex Xobeh
  4093 | D:5      | Received a gift from Nemelex Xobeh
  4210 | D:5      | Found a sparkling altar of Nemelex Xobeh.
  4371 | D:6      | Reached skill level 6 in Long Blades
  4462 | D:6      | Found a glowing silver altar of Zin.
  4846 | D:6      | Received a gift from Nemelex Xobeh
  5225 | D:7      | Found a white marble altar of Elyvilon.
  5317 | D:7      | Reached XP level 9. HP: 35/67 MP: 8/11
  5335 | D:7      | Reached skill level 5 in Fighting
  5335 | D:7      | Reached skill level 5 in Shields
  5335 | D:7      | Killed by a card of wild magic

Levels and vault maps discovered:
D:1:      minmay_arrival_jagged, layout_loops_ring
D:2:      layout_loops_ring, fedhas_altar_4, overflow_temple_1_default,
          lemuel_coloured_pillars_altar, nemelex_dance_club_becter
D:3:      layout_rooms, first_ration
D:4:      layout_loops_ring, chequers_arboretum, minivault_27,
          minmay_pentomino_pile, uniq_ijyb, uniq_sigmund, uniq_blork_the_orc
D:5:      layout_rooms, nemelex_altar_shiori, lightli_sewer_entry_pipes
D:6:      layout_loops_ring, zin_academy, kennysheep_generic_room_6
D:7:      layout_rooms, kennysheep_mini_moat, lemuel_doored_altar,
          minmay_temple_entry_drinking_statues

Skill      XL: |  1  2  3  4  5  6  7  8  9 |
---------------+----------------------------+-----
Shields        | 3 4 5 |  5.0
Dodging        | 1 2 3 4 |  4.8
Fighting       | 3 4 5 |  5.0
Long Blades    | 3 4 5 6 |  6.9
Armour         | 3 4 |  4.4
Invocations    | 1 2 3 |  3.6

Action                   |  1- 3 |  4- 6 |  7- 9 || total
-------------------------+-------+-------+-------++-------
Melee: Long sword        |    80 |   219 |    56 ||   355
       Bite              |     5 |    26 |    37 ||    68
       Falchion          |       |       |   280 ||   280
Throw: Dart              |       |       |     2 ||     2
 Abil: Exsanguinate      |       |       |     1 ||     1
       Revivify          |       |       |     1 ||     1
       Draw Summoning    |       |       |     1 ||     1
       Draw Destruction  |       |       |     3 ||     3
Evoke: Wand              |       |       |     3 ||     3
  Use: Scroll            |     2 |       |    10 ||    12
       Potion            |       |     2 |    11 ||    13
 Stab: Invisible         |       |       |     3 ||     3
Armor: Scale mail        |    38 |    70 |   134 ||   242
       Skin              |       |       |    12 ||    12
Dodge: Dodged            |    36 |    64 |   156 ||   256
Block: Shield            |    66 |    85 |   198 ||   349
       Rpst.: Long sword |     9 |    18 |     1 ||    28
       Falchion          |       |       |    34 ||    34

Table legend:
 A = Non-vault XP
 B = Vault XP
 C = Vault XP percentage of total XP
 D = Non-vault monster count
 E = Vault monster count
 F = Vault count percentage of total count
                 A         B        C        D         E       F
            +---------+---------+-------+---------+---------+-------
      Total |    2295 |     853 |  27.1 |     132 |      25 |  15.9
            +---------+---------+-------+---------+---------+-------
        D:1 |      41 |       0 |   0.0 |      20 |       0 |   0.0
        D:2 |     134 |      10 |   6.9 |      21 |       2 |   8.7
        D:3 |     118 |       0 |   0.0 |      22 |       0 |   0.0
        D:4 |     265 |     589 |  69.0 |      11 |       7 |  38.9
        D:5 |     506 |      47 |   8.5 |      18 |       7 |  28.0
        D:6 |     807 |      50 |   5.8 |      32 |       1 |   3.0
        D:7 |     424 |       0 |   0.0 |       8 |       0 |   0.0
      Sewer |       0 |     157 | 100.0 |       0 |       8 | 100.0
            +---------+---------+-------+---------+---------+-------
